Map: Dusk Towers

Players

Grumm - Winner!

  • Race: Protoss Protoss
  • League: Gold

Yobouy

  • Race: Protoss Protoss
  • League: Gold

VOD

Have the link to the VOD?

Description

Time

  • Played on: Jan. 16, 2016, 2:53 a.m.
  • Length: 11:34
Show
View Real Time Build Order
Export as new Build Order

Grumm Protoss - Winner!

Build Orders: 1 Gate Expand, Oracle Opening 

Get SALT Encoding   

  12  0:01  Probe (Chrono Boost)  
  13  0:12  Probe (Chrono Boost)  
  14  0:22  Pylon, Probe (Chrono Boost)  
  15  0:28  Assimilator  
  15  0:41  Probe (Chrono Boost)  
  16  0:43  Gateway  
  16  0:51  Probe (Chrono Boost)  
  16  0:55  Assimilator  
  17  1:02  Probe (Chrono Boost)  
  18  1:25  Nexus  
  18  1:37  Cybernetics Core  
  18  1:41  Probe (Chrono Boost)  
  19  1:52  Probe (Chrono Boost)  
  20  1:59  Pylon  
  20  2:02  Probe (Chrono Boost)  
  21  2:12  Pylon  
  21  2:14  Probe (Chrono Boost)  
  22  2:21  Warp Gate (Chrono Boost)  
  22  2:25  Probe (Chrono Boost)  
  23  2:34  Robotics Facility  
  23  2:39  Probe (Chrono Boost)  
  23  2:40  Probe (Chrono Boost)  
  25  2:50  Probe (Chrono Boost)  
  26  2:56  Pylon  
  26  3:06  Stargate, Probe (Chrono Boost)  
  26  3:11  Probe (Chrono Boost)  
  28  3:17  Pylon, Probe (Chrono Boost)  
  29  3:25  Immortal  
  32  3:35  Stalker  
  32  3:37  Probe  
  35  3:50  Gateway  
  35  3:52  Pylon  
  35  3:54  Probe  
  36  3:59  Oracle  
  39  4:06  Mothership Core  
  41  4:11  Probe  
  41  4:14  Immortal  
  42  4:23  Probe  
  47  4:26  Zealot  
  49  4:36  Probe  
  50  4:39  Assimilator  
  50  4:44  Assimilator  
  50  4:50  Probe x2  
  52  4:54  Stalker  
  52  4:59  Void Ray  
  58  5:00  Zealot  
  60  5:16  Nexus  
  60  5:17  Probe x2  
  62  5:21  Stalker  
  52  6:15  Probe x2  
  52  6:16  Void Ray  
  52  6:17  Stalker x2  
  60  6:26  Pylon  
  60  6:32  Pylon, Immortal  
  60  6:36  Pylon  
  64  6:41  Zealot  
  64  6:42  Stalker  
  66  6:58  Forge x2  
  65  7:18  Immortal  
  62  7:24  Void Ray  
  62  7:28  Probe  
  71  7:36  Pylon  
  71  7:38  Probe  
  71  7:40  Probe  
  73  7:48  Assimilator  
  73  7:50  Probe  
  74  7:52  Photon Cannon  
  74  7:54  Probe, Photon Cannon  
  75  7:58  Stargate  
  75  7:59  Assimilator  
  75  8:00  Gateway  
  75  8:02  Gateway  
  75  8:04  Pylon  
  75  8:07  Gateway  
  75  8:11  Protoss Ground Armor Level 1, Protoss Ground Weapons Level 1  
  75  8:14  Pylon  
  75  8:16  Gateway  
  75  8:21  Zealot, Immortal  
  75  8:22  Zealot  
  83  8:28  Void Ray  
  87  8:34  Photon Cannon  
  87  8:37  Photon Cannon  
  87  8:51  Twilight Council  
  87  8:57  Stalker  
  87  8:58  Mothership Core, Stalker  
  93  9:06  Zealot x3  
  99  9:11  Probe x2  
  101  9:22  Nexus  
  101  9:25  Pylon  
  101  9:30  Pylon  
  101  9:42  Stalker x2  
  101  9:43  Stalker  
  101  9:44  Stalker  
  101  9:45  Zealot x2  
  113  9:53  Probe x2  
  115  10:00  Immortal  
  115  10:05  Void Ray x2  
  127  10:15  Dark Shrine  
  127  10:16  Pylon  
  127  10:22  Probe  
  127  10:23  Probe x2  
  130  10:35  Stalker x3  
  134  10:36  Stalker x2  
Show
View Real Time Build Order
Export as new Build Order

Yobouy Protoss 

Build Orders: 1 Gate Expand 

Get SALT Encoding   

  12  0:02  Probe (Chrono Boost)  
  13  0:12  Probe (Chrono Boost)  
  14  0:23  Probe (Chrono Boost)  
  14  0:26  Pylon  
  15  0:33  Assimilator  
  15  0:45  Probe (Chrono Boost)  
  15  0:48  Gateway  
  16  0:55  Probe (Chrono Boost)  
  17  1:06  Probe (Chrono Boost)  
  18  1:16  Probe (Chrono Boost)  
  19  1:27  Nexus  
  19  1:28  Probe (Chrono Boost)  
  20  1:38  Probe (Chrono Boost)  
  21  1:49  Zealot  
  21  1:51  Cybernetics Core  
  23  2:08  Probe (Chrono Boost)  
  23  2:15  Pylon  
  23  2:27  Gateway  
  23  2:29  Warp Gate  
  23  2:30  Pylon  
  23  2:33  Zealot  
  23  2:35  Probe (Chrono Boost)  
  26  2:44  Mothership Core (Chrono Boost)  
  28  2:46  Probe (Chrono Boost)  
  28  2:49  Assimilator  
  29  2:56  Probe (Chrono Boost)  
  30  3:03  Robotics Facility  
  30  3:15  Stalker  
  30  3:18  Probe (Chrono Boost)  
  33  3:23  Pylon  
  33  3:30  Probe x2 (Chrono Boost)  
  35  3:37  Stalker  
  35  3:41  Probe x2 (Chrono Boost)  
  39  3:51  Forge, Probe x2 (Chrono Boost)  
  41  3:58  Adept  
  41  4:02  Probe (Chrono Boost)  
  44  4:07  Gateway  
  45  4:10  Observer  
  45  4:11  Probe (Chrono Boost)  
  45  4:14  Assimilator  
  46  4:20  Probe (Chrono Boost)  
  46  4:24  Assimilator, Protoss Ground Weapons Level 1  
  47  4:30  Photon Cannon  
  47  4:36  Pylon  
  47  4:42  Stalker  
  47  4:43  Sentry  
  51  4:47  Probe x2 (Chrono Boost)  
  53  5:04  Robotics Facility  
  53  5:05  Probe (Chrono Boost)  
  53  5:06  Pylon, Probe (Chrono Boost)  
  55  5:16  Immortal  
  55  5:18  Stalker  
  61  5:31  Probe x2 (Chrono Boost)  
  61  5:32  Twilight Council  
  63  5:37  Stalker  
  43  6:00  Immortal x2  
  49  6:09  Zealot x2  
  51  6:14  Probe (Chrono Boost)  
  52  6:22  Protoss Ground Weapons Level 2  
  53  6:25  Probe (Chrono Boost)  
  53  6:28  Probe (Chrono Boost)  
  54  6:38  Photon Cannon  
  54  6:49  Probe x2 (Chrono Boost)  
  54  7:01  Probe (Chrono Boost)  
  54  7:02  Probe (Chrono Boost)  
  54  7:03  Photon Cannon  
  56  7:12  Blink, Probe (Chrono Boost)  
  56  7:13  Probe (Chrono Boost)  
  55  7:23  Probe x2 (Chrono Boost)  
  56  7:33  Probe (Chrono Boost)  
  56  7:34  Probe (Chrono Boost)  
  58  7:44  Probe x2 (Chrono Boost)  
  59  7:45  Stalker  
  59  7:49  Stalker  
  64  7:54  Probe (Chrono Boost)  
  64  7:55  Stalker  
  67  8:03  Probe (Chrono Boost)  
  67  8:05  Probe (Chrono Boost)  
  69  8:16  Probe (Chrono Boost)  
  69  8:17  Robotics Bay  
  70  8:23  Stalker  
  70  8:26  Stalker  
  74  8:33  Pylon  
  74  8:43  Immortal  
  78  8:52  Stalker  
  80  8:56  Stalker  
  82  9:23  Probe x2 (Chrono Boost)  
  82  9:24  Nexus  
  82  9:38  Stalker x2  
  86  9:46  Pylon  
  86  9:51  Pylon  
  86  9:52  Pylon  
  86  10:03  Disruptor x2  
  92  10:12  Probe (Chrono Boost)  
  92  10:13  Probe (Chrono Boost)  
  94  10:29  Pylon  
  94  10:32  Pylon  
  94  10:33  Gateway  
  94  10:34  Pylon  
  94  10:36  Probe (Chrono Boost)  
  94  10:38  Probe (Chrono Boost)  
  94  10:40  Probe (Chrono Boost)  
  97  10:47  Probe (Chrono Boost)  
  97  10:48  Warp Prism  
  90  10:58  Probe (Chrono Boost)  
Tags
 
Add a new tag
Caveats
  • Supply blocks, unpowered buildings, or Contaminate may cause inaccurate times.
  • Supply counts are checked every 10 seconds.